 Dungeon Crawl Stone Soup version 0.24-a0-462-ge24419a6ad (webtiles) character file.

Game seed: 9458812444060998154

2074 Peloso the Slasher (level 9, -8/79 HPs)
             Began as a Minotaur Fighter on July 2, 2019.
             Was a Believer of Okawaru.
             Mangled by Menkaure (17 damage)
             ... on level 7 of the Dungeon.
             The game lasted 00:09:34 (4562 turns).

Peloso the Slasher (Minotaur Fighter)               Turns: 4562, Time: 00:09:35

Health: -8/79      AC: 13    Str: 23    XL:     9   Next: 6%
Magic:  6/8        EV:  7    Int:  5    God:    Okawaru [**....]
Gold:   502        SH: 11    Dex: 11    Spells: 8/8 levels left

rFire    . . .     SeeInvis .   a - +0 long sword
rCold    . . .     Gourm    .   c - +0 shield
rNeg     . . .     Faith    .   o - +0 plate armour
rPois    .         Spirit   .   (helmet restricted)
rElec    .         Reflect  .   (no cloak)
rCorr    .         Harm     .   (no gloves)
MR       .....                  (no boots)
Stlth    ..........             (no amulet)
HPRegen  0.23/turn              (no ring)
MPRegen  0.11/turn              (no ring)

@: no status effects
A: retaliatory headbutt, horns 2
a: Heroism, Renounce Religion


You were on level 7 of the Dungeon.
You worshipped Okawaru.
Okawaru was pleased with you.
You were hungry.

You visited 2 branches of the dungeon, and saw 8 of its levels.

You collected 502 gold pieces.

Inventory:

Hand Weapons
 a - a +0 long sword (weapon)
Missiles
 x - 39 bolts
Armour
 b - a +0 scale mail
 c - a +0 shield (worn)
 o - a +0 plate armour (worn)
 p - a +0 chain mail
 v - a +0 pair of gloves
Wands
 d - a wand of enslavement (18)
 t - a wand of iceblast (9)
 w - a wand of disintegration (18)
Scrolls
 e - 3 scrolls of remove curse {unknown}
 h - 9 scrolls of identify {unknown}
 i - 2 scrolls of enchant weapon {unknown}
 l - 2 scrolls of enchant armour {unknown}
 m - a scroll of teleportation {unknown}
 s - 2 scrolls of magic mapping {unknown}
 y - a scroll of amnesia {unknown}
Potions
 g - 2 potions of lignification {unknown}
 j - a potion of flight {unknown}
 k - a potion of degeneration {unknown}
 n - 6 potions of curing
 q - a potion of haste {unknown}
 r - a potion of heal wounds {unknown}
 u - a potion of cancellation {unknown}
Comestibles
 f - 9 rations
 z - 2 chunks of flesh


   Skills:
 + Level 7.0 Fighting
 + Level 7.9 Long Blades
 + Level 7.1 Armour
 + Level 3.7 Dodging
 + Level 1.4 Stealth
 + Level 7.6 Shields
 + Level 0.1 Invocations
 + Level 0.2 Evocations


You had 8 spell levels left.
You didn't know any spells.
Your spell library was empty.

Dungeon Overview and Level Annotations

Branches:
Dungeon (7/15)             Temple (1/1) D:4

Altars:
Cheibriados
Okawaru
Trog
Wu Jian
Xom
The Shining One

Annotations:
D:4 3 runed translucent doors, Tali's ghost, amateur DsBe; anet's ghost, amateur DEWz; nawrastar's ghost, amateur GrFi
D:7 Menkaure


Innate Abilities, Weirdness & Mutations

You reflexively headbutt those who attack you in melee.
You have a pair of horns on your head.


Message History

You feel better.
Menkaure calls on the powers of darkness!
Your body is wracked with pain!
* * * LOW HITPOINT WARNING * * *
You block Menkaure's attack.
You hit Menkaure. You headbutt Menkaure.
Menkaure is moderately damaged.
You hit Menkaure.
You headbutt Menkaure, but do no damage.
Menkaure is moderately damaged.
Menkaure hits you!
* * * LOW HITPOINT WARNING * * *
You hit Menkaure.
Menkaure is heavily damaged.
You block Menkaure's attack.
Your shield and plate armour prevent you from hitting Menkaure.
Your headbutt misses Menkaure.
Menkaure is heavily damaged.
Menkaure hits you!
You die...

..... .. ...... .. ....... ...
....##... ....... .... ....##...
...... ....## ....[.... .....
...... #......... #...
#.....##M........## ##..
##.#..@†..........##...
#..##..................
#.........)............
#######.....................
#....##.#...................
#....####...................
#.....##.................... ###
#..........##.........##..##
##.####.##...###).............###


You could see Menkaure.

Vanquished Creatures
  A hungry ghost (D:7)
  Duvessa (D:7)
  An orc warrior (D:5)
  A sky beast (D:5)
  An ice beast (D:6)
  A phantom (D:5)
  3 centaurs
  An ogre (D:4)
  4 bullfrogs
  Dowan (D:7)
  2 scorpions
  2 crimson imps
  A jelly (D:6)
  2 hounds
  An orc priest (D:3)
  2 bullfrog skeletons
  Ijyb (D:3)
  Natasha (thrice) (D:3)
  An iguana (D:7)
  3 orc wizards
  2 worker ants
  5 gnolls
  10 adders
  2 oozes (D:2)
  An adder skeleton (D:6)
  4 worms
  3 dart slugs
  3 leopard geckos
  11 orcs
  A ball python (D:5)
  2 giant cockroaches
  4 hobgoblins
  9 jackals
  7 bats
  5 frilled lizards
  4 goblins
  5 kobolds
  A quokka skeleton (D:4)
  2 rats (D:2)
114 creatures vanquished.

Vanquished Creatures (others)
  A quokka (D:4)
  A withered plant (D:4)
2 creatures vanquished.

Grand Total: 116 creatures vanquished

Notes
Turn   | Place    | Note
-------+----------+-------------------------------------------
     0 | D:1      | Peloso the Minotaur Fighter began the quest for the Orb.
     0 | D:1      | Reached XP level 1. HP: 19/19 MP: 0/0
   678 | D:2      | Reached XP level 2. HP: 27/27 MP: 1/1
   869 | D:2      | Reached XP level 3. HP: 27/33 MP: 2/2
  1017 | D:2      | You fall into a shaft and drop 2 floors!
  1035 | D:4      | Reached XP level 4. HP: 37/40 MP: 3/3
  1070 | D:3      | Reached XP level 5. HP: 38/47 MP: 4/4
  1321 | D:3      | Reached skill level 1 in Dodging
  1692 | D:3      | Reached skill level 5 in Long Blades
  1708 | D:3      | Reached XP level 6. HP: 46/53 MP: 5/5
  1779 | D:3      | Noticed Ijyb
  1785 | D:3      | Noticed Natasha
  1801 | D:3      | Killed Ijyb
  1801 | D:3      | Reached skill level 5 in Armour
  1804 | D:3      | Killed Natasha
  1927 | D:3      | Noticed Natasha
  1934 | D:3      | Killed Natasha
  2001 | D:3      | Noticed Natasha
  2012 | D:3      | Killed Natasha
  2210 | D:2      | Found a bloodstained altar of Trog.
  2494 | D:4      | Found a staircase to the Ecumenical Temple.
  2510 | Temple   | Entered the Ecumenical Temple
  2521 | Temple   | Became a worshipper of Warmaster Okawaru
  2584 | D:4      | Reached skill level 5 in Shields
  2618 | D:4      | Found a runed translucent gate.
  2618 | D:4      | Found a runed translucent gate.
  2619 | D:4      | Found a runed translucent gate.
  2621 | D:4      | Noticed Tali's ghost (amateur DsBe)
  2621 | D:4      | Noticed anet's ghost (amateur DEWz)
  2621 | D:4      | Noticed nawrastar's ghost (amateur GrFi)
  2674 | D:4      | Found a snail-covered altar of Cheibriados.
  2879 | D:5      | Entered Level 5 of the Dungeon
  2938 | D:4      | Reached XP level 7. HP: 33/60 MP: 6/6
  3106 | D:5      | Reached skill level 5 in Fighting
  3172 | D:5      | Reached * piety under Okawaru
  3662 | D:5      | Reached XP level 8. HP: 62/68 MP: 7/7
  4362 | D:7      | Reached ** piety under Okawaru
  4415 | D:7      | Noticed Dowan
  4417 | D:7      | Noticed Duvessa
  4434 | D:7      | Killed Duvessa
  4440 | D:7      | Killed Dowan
  4458 | D:7      | Reached skill level 1 in Stealth
  4546 | D:7      | Noticed Menkaure
  4555 | D:7      | Reached XP level 9. HP: 34/79 MP: 6/8
  4562 | D:7      | Mangled by Menkaure

Levels and vault maps discovered:
D:1:      minmay_arrival_solitary_statue, layout_loops_ring,
          hangedman_decor_slide_cut
D:2:      layout_loops_ring, overflow_temple_1_default, dk_vineyard_1
D:3:      layout_basic, uniq_natasha, uniq_ijyb
D:4:      layout_rooms, kennysheep_mini_moat, minmay_temple_entry_stoned_glass,
          gammafunk_ghost_cemetery, first_ration
D:5:      lemuel_castle_with_subvaults [lemuel_castle_interior_carwin_2],
          layout_cave_pools, bh_walls_and_bars
D:6:      layout_cave_pools
D:7:      layout_cave_pools, nicolae_overflow_hidden_temple, basic_altar,
          uniq_menkaure, uniq_duvessa
Temple:   eino_temple_scatter_basement

Skill      XL: |  1  2  3  4  5  6  7  8 |
---------------+-------------------------+-----
Shields        | 4 5 6 7 |  7.6
Armour         | 4 5 6 7 |  7.1
Fighting       | 4 5 7 |  7.0
Long Blades    | 3 4 5 6 7 |  7.9
Dodging        | 1 3 |  3.7
Stealth        | 1 |  1.4
Invocations    | |  0.1
Evocations     | |  0.2

Action                   |  1- 3 |  4- 6 |  7- 9 || total
-------------------------+-------+-------+-------++-------
Melee: Long sword        |    57 |   194 |   210 ||   461
       Headbutt          |     7 |    37 |    41 ||    85
Invok: Heroism           |       |       |     2 ||     2
Evoke: Wand              |       |     2 |       ||     2
  Use: Potion            |       |     2 |     1 ||     3
  Eat: Chunk             |       |     7 |     2 ||     9
       Ration            |       |       |     1 ||     1
Armor: Scale mail        |    38 |    56 |       ||    94
       Chain mail        |       |    41 |    60 ||   101
       Plate armour      |       |       |    56 ||    56
Dodge: Dodged            |    24 |    55 |    51 ||   130
Block: Shield            |    31 |   103 |   157 ||   291
       Rpst.: Long sword |     4 |    11 |    19 ||    34

Table legend:
 A = Non-vault XP
 B = Vault XP
 C = Vault XP percentage of total XP
 D = Non-vault monster count
 E = Vault monster count
 F = Vault count percentage of total count
                 A         B        C        D         E       F
            +---------+---------+-------+---------+---------+-------
      Total |    2622 |     342 |  11.5 |     106 |       8 |   7.0
            +---------+---------+-------+---------+---------+-------
        D:1 |      10 |       0 |   0.0 |       7 |       0 |   0.0
        D:2 |      96 |       0 |   0.0 |      21 |       0 |   0.0
        D:3 |     338 |      75 |  18.2 |      30 |       2 |   6.2
        D:4 |     234 |       0 |   0.0 |      10 |       0 |   0.0
        D:5 |     783 |      32 |   3.9 |      13 |       4 |  23.5
        D:6 |     548 |       0 |   0.0 |      15 |       0 |   0.0
        D:7 |     613 |     235 |  27.7 |      10 |       2 |  16.7
            +---------+---------+-------+---------+---------+-------
